 Dungeon Crawl Stone Soup version 0.29-a0-284-gf9362112df (webtiles) character file.

Game seed: 5702492363079093982

1131 garrulousMonolith the Digger (level 8, -8/46 HPs)
             Began as a Gargoyle Earth Elementalist on Mar 27, 2022.
             Mangled by Duvessa
             ... wielding a +0 short sword
              (11 damage)
             ... on level 6 of the Dungeon.
             The game lasted 00:09:31 (6230 turns).

garrulousMonolith the Digger (GrEE)                 Turns: 6230, Time: 00:09:32

Health: -8/46      AC: 12    Str: 11    XL:     8   Next: 36%
Magic:  1/13       EV: 12    Int: 19    God:
Gold:   275        SH:  0    Dex: 14    Spells: 8/14 levels left

rFire   . . .      SeeInvis .   y - +8 mace of Uqunax {vorpal, Dex+4}
rCold   + . .      Faith    .   (no shield)
rNeg    + . .      Spirit   .   t - +2 leather armour {rC+}
rPois   ∞          Reflect  .   (no helmet)
rElec   +          Harm     .   x - +0 cloak
rCorr   .          Rampage  .   (no gloves)
Will    .....                   z - +0 pair of boots
Stlth   ++........              (no amulet)
HPRegen 0.15/turn               (no ring)
MPRegen 0.13/turn               (no ring)

@: no status effects
A: sickness immunity, AC +5, negative energy resistance 1, electricity
resistance, torment resistance 1, petrification resistance
a: no special abilities


You were on level 6 of the Dungeon.
You visited 1 branch of the dungeon, and saw 6 of its levels.

You collected 275 gold pieces.

Inventory:

Hand Weapons
 i - a +1 quarterstaff of speed
 k - a +0 hand axe of venom
 y - the +8 mace of Uqunax (weapon) {vorpal, Dex+4}
   (You found it on level 3 of the Dungeon)

   It inflicts extra damage upon your enemies.
   Dex:       It affects your dexterity (+4).
Armour
 a - a +0 troll leather armour
 h - the +1 ring mail of Sophism {rC+ Int+3}
   (You found it on level 2 of the Dungeon)

   Int:       It affects your intelligence (+3).
   rC:        It protects you from cold.
 t - a +2 leather armour of cold resistance (worn)
 x - a +0 cloak (worn)
 z - a +0 pair of boots (worn)
 A - a +2 robe of willpower
Wands
 s - a wand of flame (3)
Scrolls
 e - a scroll of acquirement {unknown}
 f - a scroll of teleportation {unknown}
 j - a scroll of enchant armour {unknown}
 m - a scroll of amnesia
 q - 4 scrolls of magic mapping
 u - a scroll of blinking {unknown}
 w - a scroll of enchant weapon {unknown}
Potions
 b - a potion of flight
 c - 2 potions of magic
 d - a potion of haste
 g - 2 potions of resistance {unknown}
 l - a potion of curing
 n - a potion of might
 o - a potion of brilliance
 p - a potion of attraction
 r - a potion of invisibility {unknown}
 B - a potion of lignification {unknown}


   Skills:
 + Level 3.3 Fighting
 + Level 3.0 Staves
 + Level 3.2 Dodging
 - Level 2.1 Stealth
 + Level 3.5 Spellcasting
 * Level 4.9 Conjurations
 - Level 1.0 Transmutations
 * Level 6.9 Earth Magic


You had 8 spell levels left.
You knew the following spells:

 Your Spells              Type           Power      Damage    Failure   Level
a - Sandblast             Erth           58%        2d13      1%          1
b - Stone Arrow           Conj/Erth      52%        3d10      4%          3
c - Passwall              Tmut/Erth      15%        N/A       5%          2

Your spell library contained the following spells:

 Spells                   Type           Power      Damage    Failure   Level
 Foxfire                  Conj/Fire      48%        2x1d6     7%          1
 Conjure Flame            Conj/Fire      12%        6-21      21%         3
 Ensorcelled Hibernation  Hex/Ice        6%         N/A       28%         2
 Petrify                  Tmut/Erth      18%        N/A       36%         4
 Spider Form              Tmut/Pois      5%         N/A       43%         3
 Inner Flame              Hex/Fire       3%         N/A       50%         3
 Flame Wave               Conj/Fire      12%        2d6       56%         4
 Anguish                  Hex/Necr       1%         N/A       88%         4


Dungeon Overview and Level Annotations

Branches:
Dungeon (6/15)
 Temple: D:4-7

Altars:

Annotations:
D:6 1 runed translucent door, Duvessa


Innate Abilities, Weirdness & Mutations

You are immune to sickness and miasma.
Your stone body is resilient. (AC +5)
You are immune to poison.
You resist negative energy. (rN+)
You are resistant to electric shocks. (rElec)
You are resistant to unholy torment.
You are immune to petrification.


Message History

You barely miss Dowan.
Dowan is moderately wounded.
You condense into your normal self.
The +8 mace of Uqunax {vorpal, Dex+4} unmelds from your body.
Your +0 cloak unmelds from your body.
Your +0 pair of boots unmelds from your body.
Your +2 leather armour of cold resistance unmelds from your body.
You feel resistant to cold. Dowan barely misses you.
You thump Dowan!
You kill Dowan!
Duvessa screams in rage.
Duvessa goes berserk!
Duvessa hits you but does no damage.
Your Staves skill increases to level 3!
Casting: Stone Arrow (dangerous; 4% risk of failure)
Confirm with . or Enter, or press ? or * to list all spells.
Aiming: Stone Arrow (dangerous; 4% risk of failure)
Press: ? - help, Shift-Dir - straight line, f/p - Duvessa
Aim: Duvessa, wielding a +0 short sword, wearing a +0 leather armour and carrying a wand of polymorph (4) (moderately wounded, berserk, 75% to hit)
The stone arrow hits Duvessa!
Duvessa is severely wounded.
Duvessa hits you but does no damage.
You closely miss Duvessa.
Duvessa is severely wounded.
Duvessa hits you with a +0 short sword! x2
* * * LOW HITPOINT WARNING * * *
You feel better. Duvessa hits you but does no damage.
Duvessa hits you with a +0 short sword!
* * * LOW HITPOINT WARNING * * *
You sock Duvessa!
Duvessa is severely wounded.
Duvessa closely misses you. Duvessa hits you but does no damage.
You closely miss Duvessa.
Duvessa is severely wounded.
Duvessa hits you but does no damage. x2
You hit Duvessa.
Duvessa is almost dead.
Duvessa hits you with a +0 short sword.
* * * LOW HITPOINT WARNING * * *
Duvessa hits you with a +0 short sword!
You die...

##...#...e.##
#.........##
..####.e.##
##.## #z#
#.## ##.###
##e..# #@####
###


You could see Duvessa (berserk).

Vanquished Creatures
  A water moccasin (D:5)
  An ogre (D:3)
  2 phantoms (D:5)
  4 wights (D:6)
  Dowan (D:6)
  Crazy Yiuf (D:3)
  3 orc priests
  A hound (D:5)
  A jelly (D:5)
  2 iguanas (D:4)
  Ijyb (D:3)
  Natasha (thrice) (D:3)
  4 orc wizards
  3 adders
  A white imp (D:5)
  2 dart slugs
  16 orcs
  4 bats
  6 endoplasms
  5 goblins
  9 hobgoblins
  A quokka (D:2)
  8 ball pythons
  2 frilled lizards (D:2)
  4 kobolds
  2 rats
88 creatures vanquished.

Vanquished Creatures (others)
  26 plants (D:3)
26 creatures vanquished.

Grand Total: 114 creatures vanquished

Notes
Turn   | Place    | Note
-------+----------+-------------------------------------------
     0 | D:1      | garrulousMonolith the Gargoyle Earth Elementalist began the
                  | quest for the Orb.
     0 | D:1      | Reached XP level 1. HP: 10/10 MP: 3/3
   206 | D:1      | Found a faded altar of an unknown god.
   256 | D:1      | Reached XP level 2. HP: 15/15 MP: 1/5
   331 | D:1      | You fall into a shaft and drop 1 floor!
   338 | D:2      | Identified the +1 ring mail of Sophism {rC+ Int+3}
   364 | D:1      | Reached skill level 1 in Transmutations
   379 | D:1      | Learned a level 2 spell: Passwall
   570 | D:1      | Reached skill level 1 in Conjurations
   570 | D:1      | Reached skill level 4 in Earth Magic
   852 | D:1      | Reached XP level 3. HP: 15/20 MP: 6/6
  1317 | D:2      | Reached skill level 1 in Fighting
  1867 | D:2      | Learned a level 3 spell: Stone Arrow
  1992 | D:3      | Noticed Ijyb
  2007 | D:3      | Killed Ijyb
  2008 | D:3      | Reached XP level 4. HP: 16/25 MP: 2/7
  2278 | D:3      | Noticed Natasha
  2286 | D:3      | Killed Natasha
  2287 | D:3      | Reached skill level 1 in Staves
  2287 | D:3      | Reached XP level 5. HP: 22/29 MP: 4/8
  2411 | D:3      | Noticed Natasha
  2421 | D:3      | Killed Natasha
  2430 | D:3      | Noticed Natasha
  2445 | D:3      | Killed Natasha
  2625 | D:3      | Noticed an ogre
  2639 | D:3      | HP: 1/29 [ogre/+0 giant spiked club (2)]
  3297 | D:3      | Found a runed translucent door.
  3298 | D:3      | Noticed Crazy Yiuf
  3307 | D:3      | HP: 1/30 [Crazy Yiuf/+2 quarterstaff of chaos (9)]
  3308 | D:3      | Killed Crazy Yiuf
  3309 | D:3      | Reached skill level 5 in Earth Magic
  3368 | D:3      | Identified the +8 mace of Uqunax {vorpal, Dex+4}
  3664 | D:3      | Killed an ogre
  3665 | D:3      | Reached XP level 6. HP: 24/35 MP: 8/10
  4497 | D:5      | Entered Level 5 of the Dungeon
  4499 | D:5      | Noticed a water moccasin
  4508 | D:5      | Killed a water moccasin
  4509 | D:5      | Reached XP level 7. HP: 37/40 MP: 4/11
  4587 | D:5      | Reached skill level 6 in Earth Magic
  6041 | D:6      | Found a runed translucent door.
  6071 | D:6      | Reached XP level 8. HP: 46/46 MP: 2/12
  6178 | D:6      | Noticed Duvessa
  6178 | D:6      | Noticed Dowan
  6224 | D:6      | Killed Dowan
  6230 | D:6      | Mangled by Duvessa

Illustrated notes

Levels and vault maps discovered:
D:1:      minmay_arrival_jagged, layout_loops_ring,
          shapermc_ecumenical_altar_notcrosses
D:2:      layout_rooms
D:3:      layout_basic, serial_bayou, serial_bayou_pond_c, serial_bayou_pond_a,
          serial_bayou_pond_c, serial_bayou_lagoon_b, serial_bayou_lagoon_a,
          serial_bayou_lake_a, uniq_crazy_yiuf_cottage, uniq_ijyb, uniq_natasha
D:4:      layout_rooms
D:5:      layout_layer_cave
D:6:      layout_layer_cave, minmay_temple_entry_mini_moons,
          ebering_ghost_sewer_d, uniq_duvessa

Skill      XL: |  1  2  3  4  5  6  7  8 |
---------------+-------------------------+-----
Transmutations | 1 |  1.0
Conjurations   | 1 2 3 4 |  4.9
Earth Magic    | 4 5 6 |  6.9
Fighting       | 1 2 3 |  3.3
Dodging        | 2 3 |  3.2
Staves         | 1 2 3 |  3.0
Spellcasting   | 3 |  3.5
Stealth        | |  2.1

Action                   |  1- 3 |  4- 6 |  7- 9 || total
-------------------------+-------+-------+-------++-------
Melee: Quarterstaff      |    48 |    16 |       ||    64
       Dagger            |     1 |       |       ||     1
       Mace              |       |    38 |    28 ||    66
       Unarmed           |       |       |    22 ||    22
 Cast: Sandblast         |    31 |    43 |    17 ||    91
       Stone Arrow       |       |       |    16 ||    16
Evoke: Wand              |       |     1 |       ||     1
  Use: Scroll            |     1 |     7 |     3 ||    11
       Potion            |       |     2 |     1 ||     3
 Stab: Sleeping          |     2 |       |       ||     2
Armor: Robe              |    15 |       |       ||    15
       Ring mail         |     4 |       |       ||     4
       Leather armour    |       |    46 |    26 ||    72
Dodge: Dodged            |    42 |    37 |    41 ||   120

Table legend: (Time is in decaauts)
 A = Elapsed time spent in this place.
 B = Non-inter-level travel time spent in this place.
 C = Inter-level travel time spent in this place.
 D = Time resting spent in this place.
 E = Time spent auto-exploring this place.
 F = Levels seen in this place.
 G = Mean time per level.
                   A        B        C        D        E       F      G
               +--------+--------+--------+--------+--------+-----+--------+
         Total |   6305 |   6137 |    168 |   1273 |   4083 |   6 | 1050.8 |
       Dungeon |   6305 |   6137 |    168 |   1273 |   4083 |   6 | 1050.8 |
               +--------+--------+--------+--------+--------+-----+--------+

Top non-repeatable levels by time:
     D:3: 1630 daAuts
     D:5: 1549 daAuts
     D:1: 1270 daAuts
     D:2: 1014 daAuts
     D:4: 651 daAuts
     D:6: 188 daAuts
